 Dungeon Crawl Stone Soup version 0.27.1-2-g3b301248ec (webtiles) character file.

Game seed: 15532676008968827823

4085 Kinoniko the Basher (level 10, -4/105 HPs)
             Began as a Demonspawn Berserker on Oct 1, 2021.
             Was a High Priest of Trog.
             Shot with an arrow by a centaur warrior (7 damage)
             ... on level 8 of the Dungeon.
             The game lasted 00:08:26 (10022 turns).

Kinoniko the Basher (Demonspawn Berserker)         Turns: 10022, Time: 00:08:26

Health: -4/105     AC:  8    Str: 21    XL:     10   Next: 5%
Magic:  10/10      EV: 11    Int:  8    God:    Trog [*****.]
Gold:   372        SH:  0    Dex: 13    Spells: 9/9 levels left

rFire    + . .     SeeInvis .   v - +3 dire flail
rCold    + . .     Faith    .   (shield currently unavailable)
rNeg     . . .     Spirit   .   A - +0 troll leather armour
rPois    .         Reflect  .   (helmet unavailable)
rElec    .         Harm     .   o - scarf {rC+ rF+}
rCorr    .         Rampage  .   (no gloves)
Will     .....                  m - +1 pair of boots
Stlth    ..........             t - amulet of regeneration
HPRegen  2.27/turn              (no ring)
MPRegen  0.12/turn              (no ring)

@: mighty, berserking (expiring), very quick
A: horns 3, thin metallic scales 1, powered by pain 1
a: Renounce Religion, Berserk, Trog's Hand, Brothers in Arms


You were on level 8 of the Dungeon.
You worshipped Trog.
Trog was extremely pleased with you.
You visited 1 branch of the dungeon, and saw 8 of its levels.
You also visited: Sewer.

You collected 372 gold pieces.

Inventory:

Hand Weapons
 d - a +0 whip
 s - a +0 vorpal flail
 v - a +3 dire flail (weapon)
Missiles
 c - a throwing net (quivered)
Armour
 i - a +0 scale mail
 m - a +1 pair of boots (worn)
 o - a scarf of resistance (worn)
 A - a +0 troll leather armour (worn)
Jewellery
 t - an amulet of regeneration (around neck)
 y - a +6 ring of dexterity
Wands
 b - a wand of polymorph (5)
 n - a wand of charming (2)
 x - a wand of acid (11)
 z - a wand of paralysis (7)
Scrolls
 e - 2 scrolls of enchant weapon
 q - 2 scrolls of amnesia
 r - a scroll of blinking
 u - 2 scrolls of fog
 w - 4 scrolls of teleportation
Potions
 a - a potion of resistance {unknown}
 f - a potion of curing
 g - 2 potions of degeneration {unknown}
 h - 2 potions of brilliance {unknown}
 j - a potion of ambrosia {unknown}
 k - 2 potions of mutation {unknown}
 l - 4 potions of haste {unknown}
 p - a potion of heal wounds {unknown}
 B - a potion of might {unknown}
 C - a potion of flight {unknown}


   Skills:
 - Level 3.0 Fighting
 * Level 13.1 Maces & Flails
 - Level 1.7 Armour
 - Level 1.7 Dodging


You had 9 spell levels left.
You didn't know any spells.
Your spell library contained the following spells:

 Spells                   Type           Power      Damage    Failure   Level
 Blink                    Tloc           N/A        N/A       58%         2
 Manifold Assault         Tloc           0%         N/A       100%        5
 Storm Form               Tmut/Air       0%         N/A       100%        7


Dungeon Overview and Level Annotations

Branches:
Dungeon (8/15)             Temple (0/1) D:6           Sewer (visited)
   Lair: D:8-11

Altars:
Ashenzari
Cheibriados
Elyvilon
Gozag
Makhleb
Nemelex Xobeh
Qazlal
Trog
Vehumet
Wu Jian
The Shining One

Shops:
D:5 =

Annotations:
D:4 2 transporters


Innate Abilities, Weirdness & Mutations

You have a pair of large horns on your head.
You are partially covered in thin metallic scales. (AC +2)
You sometimes gain a little power by taking damage.


Message History

The tengu warrior is heavily wounded.
You miss the tengu warrior.
The tengu warrior is heavily wounded.
The tengu warrior hits you with a +0 battleaxe!
The tengu warrior pecks you but does no damage.
The tengu warrior claws you but does no damage.
You closely miss the tengu warrior.
The tengu warrior is heavily wounded.
A centaur warrior comes into view.
You thump the tengu warrior!
The tengu warrior is heavily wounded.
You hit the tengu warrior but do no damage.
The tengu warrior is heavily wounded.
The meliai mumbles some strange prayers to its god against you.
Something smites you!
You focus on the pain.
You feel very mighty all of a sudden.
The tengu warrior hits you with a +0 battleaxe.
* * * LOW HITPOINT WARNING * * *
The tengu warrior pecks you but does no damage.
The tengu warrior barely misses you.
You barely miss the tengu warrior. Your headbutt misses the tengu warrior.
The tengu warrior is heavily wounded.
The centaur warrior wields a +0 longbow.
The centaur warrior shoots an arrow.
The arrow hits you!!
* * * LOW HITPOINT WARNING * * *
You focus on the pain.
You feel mightier all of a sudden.
You miss the tengu warrior. Your headbutt misses the tengu warrior.
The tengu warrior is heavily wounded.
The tengu warrior barely misses you. The tengu warrior closely misses you.
The tengu warrior claws you.
* * * LOW HITPOINT WARNING * * *
Unknown command.
You closely miss the tengu warrior.
The tengu warrior is heavily wounded.
The meliai hits you with a +0 hand axe!
* * * LOW HITPOINT WARNING * * *
The meliai completely misses you.
The centaur warrior shoots an arrow.
The arrow hits you!
You die...

... ... ... ####### ##'##
#...... #...# #...... #...#
#...... #.y.# #...... ##@##
#...... ###..Q# #......
#.'.(c'. #...... #.#...#...
#......
########.#############......
#.............# #.........
#.............# #.........
#.............# #.........
#.............# ###.####'#


You could see a tengu warrior, a centaur warrior and a meliai.

Vanquished Creatures
  An efreet (D:8)
  2 trolls
  A meliai (D:8)
  Grum (D:8)
  A steam dragon (D:5)
  An acid dragon (D:8)
  2 water moccasins
  Purgy (Sewer)
  An ice beast (D:7)
  A black bear (D:7)
  3 wolves (D:8)
  An orc warrior (D:7)
  A necrophage (D:4)
  A phantom (D:4)
  Blork the orc (D:6)
  2 bullfrogs
  A gnoll sergeant (D:8)
  A water moccasin zombie (D:5)
  3 scorpions
  A wyvern skeleton (D:7)
  A water moccasin skeleton (D:5)
  4 wights (D:7)
  An electric eel (D:6)
  A bullfrog zombie (D:6)
  2 hounds
  Crazy Yiuf (D:5)
  6 orc priests
  A bullfrog skeleton (D:4)
  A jelly (D:8)
  4 iguanas
  10 orc wizards
  A killer bee zombie (D:8)
  A howler monkey zombie (D:7)
  10 gnolls
  5 adders
  A white imp (D:7)
  An ufetubus (D:6)
  A worm (D:2)
  12 dart slugs
  32 orcs
  7 bats
  6 endoplasms
  5 giant cockroaches
  5 goblins
  8 hobgoblins
  6 jackals
  7 quokkas
  3 ball pythons
  6 frilled lizards
  7 kobolds
  3 rats
186 creatures vanquished.

Notes
Turn   | Place    | Note
-------+----------+-------------------------------------------
     0 | D:1      | Kinoniko the Demonspawn Berserker began the quest for the
                  | Orb.
     0 | D:1      | Reached XP level 1. HP: 18/18 MP: 1/1
   150 | D:1      | Reached skill level 3 in Maces & Flails
   277 | D:1      | HP: 1/27 [frozen (3)]
   280 | D:1      | Gained mutation: You are partially covered in thin metallic
                  | scales. (AC +2) [demonic ancestry]
   280 | D:1      | Reached XP level 2. HP: 1/24 MP: 2/2
   642 | D:1      | Found a faded altar of an unknown god.
   642 | D:1      | Noticed a Brimstone Fiend
  1155 | D:2      | Reached XP level 3. HP: 17/29 MP: 3/3
  1477 | D:2      | Reached skill level 4 in Maces & Flails
  2814 | D:3      | Found an opulent altar of Gozag.
  3005 | D:3      | Gained mutation: You have a pair of small horns on your
                  | head. [demonic ancestry]
  3005 | D:3      | Reached XP level 4. HP: 29/35 MP: 4/4
  3360 | D:3      | Reached ** piety under Trog
  3853 | D:4      | Found a glowing drain.
  3873 | Sewer    | Entered a sewer
  4116 | Sewer    | Noticed Purgy
  4131 | Sewer    | Killed Purgy
  4132 | Sewer    | Reached skill level 5 in Maces & Flails
  4132 | Sewer    | Gained mutation: You sometimes gain a little power by
                  | taking damage. [demonic ancestry]
  4132 | Sewer    | Reached XP level 5. HP: 41/41 MP: 5/5
  4284 | D:4      | Found a radiant altar of Vehumet.
  4335 | D:4      | Noticed a necrophage
  4342 | D:4      | Killed a necrophage
  4343 | D:4      | Reached skill level 6 in Maces & Flails
  4343 | D:4      | Gained mutation: You have a pair of horns on your head.
                  | [demonic ancestry]
  4343 | D:4      | Reached XP level 6. HP: 47/47 MP: 6/6
  4471 | D:4      | Found a transporter.
  4635 | D:4      | Found a broken altar of Ashenzari.
  4737 | D:4      | Reached skill level 7 in Maces & Flails
  4917 | D:4      | Found an ornate altar of the Wu Jian Council.
  4994 | D:4      | Found a transporter.
  5380 | D:4      | Found a snail-covered altar of Cheibriados.
  5493 | D:5      | Entered Level 5 of the Dungeon
  5649 | D:5      | Reached *** piety under Trog
  5650 | D:5      | Gained mutation: You have a pair of large horns on your
                  | head. [demonic ancestry]
  5650 | D:5      | Reached XP level 7. HP: 52/52 MP: 7/7
  5963 | D:5      | Found Xag Onaishe's Jewellery Boutique.
  6368 | D:5      | Reached skill level 8 in Maces & Flails
  6464 | D:5      | Found a runed translucent door.
  6465 | D:5      | Noticed Crazy Yiuf
  6606 | D:5      | Noticed a steam dragon
  6617 | D:5      | Killed a steam dragon
  7269 | D:5      | Killed Crazy Yiuf
  7362 | D:6      | Reached skill level 9 in Maces & Flails
  7362 | D:6      | Reached XP level 8. HP: 56/58 MP: 8/8
  7443 | D:6      | Found a staircase to the Ecumenical Temple.
  7525 | D:6      | Noticed a troll
  7534 | D:6      | Killed a troll
  7715 | D:6      | Noticed Blork the orc
  7724 | D:6      | Killed Blork the orc
  7725 | D:6      | Reached skill level 10 in Maces & Flails
  7824 | D:6      | Reached **** piety under Trog
  7889 | D:6      | Found a bloodstained altar of Trog.
  8176 | D:6      | Found a sparkling altar of Nemelex Xobeh.
  8771 | D:7      | Reached skill level 11 in Maces & Flails
  8771 | D:7      | Reached XP level 9. HP: 63/63 MP: 9/9
  9276 | D:7      | Found a burning altar of Makhleb.
  9442 | D:8      | Noticed Grum
  9454 | D:8      | HP: 3/94 [Grum (12)]
  9454 | D:8      | HP: 1/94 [wolf[Grum] (2)]
  9456 | D:8      | Killed Grum
  9457 | D:8      | Reached skill level 12 in Maces & Flails
  9541 | D:8      | Found a stormy altar of Qazlal.
  9613 | D:8      | Identified the +8 hand axe "Qiontut" {vorpal, +Rage Int+3}
  9815 | D:8      | Reached ***** piety under Trog
  9950 | D:8      | Noticed a troll
  9954 | D:8      | Killed a troll
 10005 | D:8      | Noticed an efreet
 10007 | D:8      | Noticed a meliai
 10008 | D:8      | Noticed a tengu warrior
 10010 | D:8      | Killed an efreet
 10011 | D:8      | Reached skill level 13 in Maces & Flails
 10011 | D:8      | Reached XP level 10. HP: 70/70 MP: 10/10
 10017 | D:8      | Noticed a centaur warrior
 10022 | D:8      | HP: 3/105 [meliai (11)]
 10022 | D:8      | Shot with an arrow by a centaur warrior

Illustrated notes

Levels and vault maps discovered:
D:1:      dpeg_arrival_more_subterranean_lakeside_camping, layout_rooms,
          dreamdust_ecumenical_altar_sealed_demon, minmay_hexomino_u4
D:2:      layout_loops_corners, chequers_serial_rivers_large_a
D:3:      layout_basic, elyvilon_altar_3, mainiacjoe_overflow_swirl,
          kennysheep_cluttered_room, dk_vineyard_2
D:4:      layout_basic, mainiacjoe_overflow_concentric_impassable,
          nicolae_overflow_crystal_walls, kennysheep_slug_shrine,
          kennysheep_mini, gup_sewer_entry_pipe, gammafunk_ghost_stat_death
D:5:      layout_layer_cave, serial_shops, nicolae_shop_crystal,
          uniq_crazy_yiuf_cottage
D:6:      kennysheep_slugbush, layout_basic, lightli_temple_of_fire,
          lemuel_tele_altar, minmay_temple_entry_arrows, kennysheep_crisscross,
          uniq_blork_the_orc
D:7:      layout_cave_pools, mainiacjoe_overflow_alcove_4, nicolae_water_bricks
D:8:      layout_basic, nicolae_qazlal_general_emergency,
          small_statue_intersection, minmay_evil_grid, uniq_grum

Skill      XL: |  1  2  3  4  5  6  7  8  9 |
---------------+----------------------------+-----
Maces & Flails | 3 4 5 6 7 9 11 13 | 13.1
Fighting       | |  3.0
Armour         | |  1.7
Dodging        | |  1.7

Action                   |  1- 3 |  4- 6 |  7- 9 | 10-12 || total
-------------------------+-------+-------+-------+-------++-------
Melee: Mace              |    16 |       |       |       ||    16
       Whip              |   119 |   202 |   224 |       ||   545
       Headbutt          |       |    24 |    60 |       ||    84
       Dire flail        |       |       |   117 |    12 ||   129
Invok: Berserk           |     3 |     4 |    16 |       ||    23
  Use: Scroll            |       |     5 |     7 |       ||    12
       Potion            |       |     1 |       |       ||     1
 Stab: Sleeping          |     2 |       |       |       ||     2
Armor: Animal skin       |    17 |       |       |       ||    17
       Scale mail        |    25 |    83 |    37 |       ||   145
       Ring mail         |     1 |       |       |       ||     1
       Troll leather arm |       |       |    38 |     5 ||    43
Dodge: Dodged            |    87 |    73 |   127 |     9 ||   296
